 Dungeon Crawl Stone Soup version 0.31-a0-1522-g43313d8a59 (webtiles) character file.

Game seed: 11743422694886301500

18 night the Caller (level 2, -6/24 HPs)
             Began as an Oni Summoner on Dec 30, 2023.
             Was a Follower of Vehumet.
             Mangled by a gnoll
             ... wielding a +0 flail
              (8 damage)
             ... on level 2 of the Dungeon.
             The game lasted 00:02:31 (1083 turns).

night the Caller (Oni Summoner)                     Turns: 1083, Time: 00:02:32

Health: -6/24      AC:  3    Str: 11    XL:     2   Next: 70%
Magic:  1/6        EV:  9    Int: 16    God:    Vehumet [*.....]
Gold:   14         SH:  0    Dex:  9    Spells: 4/7 levels left

rFire   . . .        g - +0 mace
rCold   . . .        (no shield)
rNeg    . . .        a - +0 robe
rPois   .            (helmet restricted)
rElec   .            (no cloak)
rCorr   .            (gloves unavailable)
SInv    .            (boots unavailable)
Will    .....        (no amulet)
Stlth   +            (no ring)
HPRegen 0.24/turn    (no ring)
MPRegen 0.10/turn

%: no passive effects
@: no status effects
A: large, unfitting armour, horns 1, tough skin 1, double potion healing,
drunken brawling
a: Renounce Religion


You were on level 2 of the Dungeon.
You worshipped Vehumet.
Vehumet was aware of your devotion.
You visited 1 branch of the dungeon, and saw 2 of its levels.

You collected 14 gold pieces.

Inventory:

Hand Weapons
 g - a +0 mace (weapon)
Missiles
 d - 5 stones
Armour
 a - a +0 robe (worn)
Jewellery
 f - an amulet of guardian spirit
Scrolls
 c - a scroll of teleportation {unknown}
 e - 2 scrolls of identify {unknown}
Potions
 b - 2 potions of magic


   Skills:
 - Level 1.7 Dodging
 - Level 1.4 Stealth
 + Level 3.1 Spellcasting
 + Level 4.0 Summonings


You had 4 spell levels left.
You knew the following spells:

 Your Spells              Type           Power      Damage    Failure   Level
a - Summon Small Mammal   Summ           60%        N/A       3%          1
b - Call Imp              Summ           30%        N/A       5%          2

Your spell library contained the following spells:

 Spells                   Type           Power      Damage    Failure   Level
 Freeze                   Ice            8%         1d3       19%         1
 Call Canine Familiar     Summ           15%        N/A       11%         3
 Fugue of the Fallen      Necr           2%         N/A       50%         3
 Ozocubu's Armour         Ice            2%         N/A       50%         3
 Summon Blazeheart Golem  Fire/Summ      8%         N/A       63%         4
 Summon Lightning Spire   Summ/Air       8%         N/A       63%         4
 Manifold Assault         Tloc           2%         N/A       88%         4


Dungeon Overview and Level Annotations

Branches:
Dungeon (2/15)

Altars:
Vehumet


Innate Abilities, Weirdness & Mutations

You are too large for most types of armour.
You have a pair of small horns on your head.
You have tough skin. (AC +1)
You gain doubled healing and magic from potions.
Whenever you drink a healing potion, you attack all around you.


Message History

Your bat misses the gnoll. The gnoll closely misses your bat.
Unknown command.
You enter the shallow water.
Your bat hits the gnoll but does no damage.
Your bat hits the gnoll.
The gnoll hits your bat with a +0 spear.
Your bat hits the gnoll. The gnoll barely misses your bat.
Your bat hits the gnoll but does no damage.
Your bat closely misses the gnoll.
Your bat hits the gnoll but does no damage.
The gnoll barely misses your bat.
Your bat hits the gnoll.
The gnoll splashes around in the water.
Your bat misses the gnoll. Your bat hits the gnoll. Something hits your bat.
Your bat dies!
Your bat's corpse disappears in a puff of smoke!
You enter the shallow water.
You barely miss the gnoll.
Your bat barely misses the gnoll.
The gnoll misses you.
You hit the gnoll but do no damage.
You headbutt the gnoll, but do no damage.
Your bat hits the gnoll but does no damage.
The gnoll hits you with a +0 flail!
* * * LOW HITPOINT WARNING * * *
Your bat barely misses the gnoll.
The gnoll closely misses you.
Your bat barely misses the gnoll.
Your bat hits the gnoll but does no damage.
Your bat hits the gnoll.
Your bat closely misses the gnoll.
There is a stone staircase leading up here.
Casting: Summon Small Mammal (safe; 3% risk of failure)
Confirm with . or Enter, or press ? or * to list all spells.
Your bat hits the gnoll.
Your bat hits the gnoll but does no damage.
The gnoll barely misses you.
Unknown command.
Your bat hits the gnoll but does no damage.
Your bat barely misses the gnoll. x2; The gnoll attacks as it pursues you!
The gnoll hits you with a +0 flail!
You die...

###..~~~≈~~♣.~≈≈~~####
###..~~~._~≈≈≈~.#
#..~≈~~~~~≈≈..#
#..~≈~≈≈≈≈≈≈~~#
#~≈~≈~≈~~≈≈≈.~#
##.~~~≈~~~~≈~..#
....~~......~~..#
##########
##.~...~..~.).~.#
#r.......#
#.##..........####@######.#
## #.#####.##..b.g....# #.#
#.. ##...######.##.###.#
### #.....# #........#
##..<## ####.##### ##.##
#.# #.# #.# #.# #.# #'# #.#


You could see a gnoll (ally target), a friendly bat (summoned) and a friendly
rat (summoned).

Vanquished Creatures
  A bat (D:1)
  A goblin (D:2)
  A hobgoblin (D:1)
  A rat (D:1)
4 creatures vanquished.

Vanquished Creatures (collateral kills)
  A gnoll (D:2)
  An endoplasm (D:1)
  2 bats (D:1)
  2 frilled lizards
6 creatures vanquished.

Grand Total: 10 creatures vanquished

Notes
Turn   | Place    | Note
-------+----------+-------------------------------------------
     0 | D:1      | night the Oni Summoner began the quest for the Orb.
     0 | D:1      | Reached XP level 1. HP: 16/16 MP: 3/3
   637 | D:1      | Reached XP level 2. HP: 24/24 MP: 2/5
   968 | D:2      | Found a faded altar of an unknown god.
   985 | D:2      | Learned a level 2 spell: Call Imp
  1015 | D:2      | Prayed at the altar of an unknown god.
  1015 | D:2      | Became a worshipper of Vehumet
  1015 | D:2      | Reached * piety under Vehumet
  1015 | D:2      | Offered knowledge of Freeze by Vehumet.
  1033 | D:2      | Reached skill level 4 in Summonings
  1040 | D:2      | HP: 3/24 [gnoll/+0 spear (6)]
  1077 | D:2      | HP: 1/24 [gnoll/+0 flail (11)]
  1083 | D:2      | Mangled by a gnoll

Illustrated notes

Levels and vault maps discovered:
D:1:      dpeg_arrival_rooms_c, layout_loops_corners,
          amcnicky_mini_rare_corridor_liquid
D:2:      layout_loops_corners, chequers_ecumenical_altar_island, minmay_puff,
          uniq_terence

Skill      XL: |  1  2 |
---------------+-------+-----
Spellcasting   | 3 |  3.1
Summonings     | 4 |  4.0
Dodging        | |  1.7
Stealth        | |  1.4

Action                     || total
---------------------------++-------
  Melee: Unarmed           ||    26
         Mace              ||     6
         Headbutt          ||     1
   Cast: Summon Small Mamm ||    15
         Call Imp          ||     2
   Stab: Distracted        ||     1
 Armour: Robe              ||    41
  Dodge: Dodged            ||    33

Table legend: (Time is in decaauts)
 A = Elapsed time spent in this place.
 B = Non-inter-level travel time spent in this place.
 C = Inter-level travel time spent in this place.
 D = Time resting spent in this place.
 E = Time spent auto-exploring this place.
 F = Levels seen in this place.
 G = Mean time per level.
                   A        B        C        D        E       F      G
               +--------+--------+--------+--------+--------+-----+--------+
         Total |   1084 |   1062 |     22 |      0 |    883 |   2 |  542.0 |
       Dungeon |   1084 |   1062 |     22 |      0 |    883 |   2 |  542.0 |
               +--------+--------+--------+--------+--------+-----+--------+

Top non-repeatable levels by time:
     D:1: 940 daAuts
     D:2: 144 daAuts
